 Dungeon Crawl Stone Soup version 0.29-a0-323-g050149af67 (webtiles) character file.

Game seed: 16380807723212050581

39 freelancePsychic the Insei (level 3, -13/26 HPs)
             Began as a Demonspawn Transmuter on Apr 11, 2022.
             Mangled by a kobold
             ... wielding a +2 whip of electrocution
              (20 damage)
             ... on level 2 of the Dungeon.
             The game lasted 00:02:52 (1695 turns).

freelancePsychic the Insei (Demonspawn Transmuter)  Turns: 1695, Time: 00:02:53

Health: -13/26     AC:  2    Str: 10    XL:     3   Next: 26%
Magic:  5/6        EV: 12    Int: 16    God:
Gold:   40         SH:  0    Dex: 13    Spells: 2/6 levels left

rFire   . . .      SeeInvis .     - Unarmed
rCold   . . .      Faith    .   (no shield)
rNeg    . . .      Spirit   .   a - +0 robe
rPois   .          Reflect  .   (helmet currently unavailable)
rElec   .          Harm     .   (no cloak)
rCorr   .          Rampage  .   (no gloves)
Will    .....                   (boots currently unavailable)
Stlth   +.........              (no amulet)
HPRegen 0.08/turn               (no ring)
MPRegen 0.10/turn               (no ring)

@: appendages
A: horns 2, talons 2, demonic guardian 1
a: End Transformation


You were on level 2 of the Dungeon.
You had temporarily grown beastly horns and talons.
You visited 1 branch of the dungeon, and saw 2 of its levels.

You collected 40 gold pieces.

Inventory:

Missiles
 d - a throwing net
Armour
 a - a +0 robe (worn)
Magical Staves
 c - a staff of cold
Jewellery
 f - a +6 ring of dexterity
Scrolls
 g - a scroll of noise
 l - a scroll of vulnerability
Potions
 b - a potion of lignification
 e - a potion of curing {unknown}
 h - 2 potions of berserk rage {unknown}
 i - 3 potions of heal wounds {unknown}
 j - 2 potions of degeneration {unknown}
 k - a potion of ambrosia {unknown}


   Skills:
 + Level 1.6 Fighting
 - Level 1.7 Dodging
 - Level 2.6 Unarmed Combat
 - Level 2.0 Spellcasting
 * Level 2.5 Transmutations
 * Level 1.7 Poison Magic


You had 2 spell levels left.
You knew the following spells:

 Your Spells              Type           Power      Damage    Failure   Level
a - Beastly Appendage     Tmut           18%        N/A       8%          1
b - Spider Form           Tmut/Pois      8%         N/A       26%         3

Your spell library contained the following spells:

 Spells                   Type           Power      Damage    Failure   Level
 Wereblood                Tmut           9%         N/A       11%         2
 Dazzling Flash           Conj/Hex       2%         N/A       52%         3
 Ice Form                 Ice/Tmut       5%         N/A       77%         4
 Agony                    Necr           1%         N/A       99%         5
 Silence                  Hex/Air        0%         N/A       99%         5


Dungeon Overview and Level Annotations

Branches:
Dungeon (2/15)

Altars:


Innate Abilities, Weirdness & Mutations

You have temporarily grown beastly horns and talons.
A weak demonic guardian rushes to your aid.


Message History

No target in view!
No target in view!
No target in view!
No target in view!
No target in view!
No target in view!
No target in view!
No target in view!
You see here a frilled lizard corpse.
A kobold comes into view.
It is wielding a +2 whip of electrocution.
You aren't carrying any items that you can evoke.
A rat comes into view.
The rat closely misses you.
You closely miss the rat.
The rat twitches its whiskers.
The rat bites you but does no damage.
You hit the rat but do no damage. The rat bites you.
You barely miss the rat. The rat closely misses you.
Casting: Beastly Appendage (safe; 8% risk of failure)
Confirm with . or Enter, or press ? or * to list all spells.
You grow a pair of large bovine horns.
Your feet morph into talons.
The rat bites you.
You hit the kobold but do no damage. Your kick misses the kobold.
You headbutt the kobold, but do no damage.
The kobold hits you with a +2 whip of electrocution.
The rat bites you.
You barely miss the kobold. Your kick misses the kobold.
The kobold completely misses you. The rat misses you.
You hit the kobold but do no damage. Your kick misses the kobold.
You punch the kobold.
The kobold is moderately wounded.
The kobold hits you with a +2 whip of electrocution!
A demonic guardian appears!
The rat bites you.
You barely miss the kobold. Your kick misses the kobold.
The kobold is moderately wounded.
The kobold hits you with a +2 whip of electrocution.
* * * LOW HITPOINT WARNING * * *
You are electrocuted!!
Ouch! That really hurt!
You die...

#...# ##.###.# #. #...#
#..##.# #. #...# ##.##.#
######. #...#### #.##.#
#...... #K.†.K.# #.##.#
#...... .#+###.#
########..#.# #...... #.#
......5.#.#.# ##...... #.#
.######r#.#.#####......#
#.#########@#...............
#.........K.#...#####.....##
#############...# #.....#
#...# #.....# #.#.# #....)#
#.#.# ####### #.#.# #..>#


You could see a kobold, a rat (ally target) and a friendly white imp (summoned).

Vanquished Creatures
  2 dart slugs (D:1)
  3 ball pythons (D:2)
  An endoplasm (D:2)
  2 giant cockroaches (D:1)
  4 goblins
  5 hobgoblins
  3 jackals (D:2)
  A kobold (D:1)
  2 quokkas (D:1)
  3 frilled lizards
  2 rats (D:1)
28 creatures vanquished.

Vanquished Creatures (collateral kills)
  A ball python (D:2)
1 creature vanquished.

Grand Total: 29 creatures vanquished

Notes
Turn   | Place    | Note
-------+----------+-------------------------------------------
     0 | D:1      | freelancePsychic the Demonspawn Transmuter began the quest
                  | for the Orb.
     0 | D:1      | Reached XP level 1. HP: 15/15 MP: 3/3
   606 | D:1      | Gained mutation: A weak demonic guardian rushes to your
                  | aid. [demonic ancestry]
   606 | D:1      | Reached XP level 2. HP: 17/21 MP: 3/5
   710 | D:1      | Reached skill level 1 in Poison Magic
  1290 | D:2      | Reached XP level 3. HP: 23/26 MP: 4/6
  1294 | D:2      | Learned a level 3 spell: Spider Form
  1695 | D:2      | Mangled by a kobold

Illustrated notes

Levels and vault maps discovered:
D:1:      psy_arrival_whirlpool, layout_basic
D:2:      layout_basic, ebering_ecumenical_altar_petrified, serial_shops, shop

Skill      XL: |  1  2 |
---------------+-------+-----
Transmutations | 2 |  2.5
Poison Magic   | 1 |  1.7
Fighting       | |  1.6
Dodging        | |  1.7
Unarmed Combat | |  2.6
Spellcasting   | |  2.0

Action                   || total
-------------------------++-------
Melee: Unarmed           ||    92
       Headbutt          ||    11
       Kick              ||     9
       Punch             ||     1
 Cast: Beastly Appendage ||    16
  Use: Scroll            ||     2
 Stab: Sleeping          ||     3
Armor: Robe              ||    12
Dodge: Dodged            ||    48

Table legend: (Time is in decaauts)
 A = Elapsed time spent in this place.
 B = Non-inter-level travel time spent in this place.
 C = Inter-level travel time spent in this place.
 D = Time resting spent in this place.
 E = Time spent auto-exploring this place.
 F = Levels seen in this place.
 G = Mean time per level.
                   A        B        C        D        E       F      G
               +--------+--------+--------+--------+--------+-----+--------+
         Total |   1692 |   1647 |     45 |      0 |   1350 |   2 |  846.0 |
       Dungeon |   1692 |   1647 |     45 |      0 |   1350 |   2 |  846.0 |
               +--------+--------+--------+--------+--------+-----+--------+

Top non-repeatable levels by time:
     D:1: 1304 daAuts
     D:2: 387 daAuts
